 Dungeon Crawl Stone Soup version 0.24.0-123-gd5b16e6ec5 (webtiles) character file.

Game seed: 9282110156429172611, levelgen mode: deterministic

466 FishyPogo the Charmwright (level 7, -2/56 HPs)
             Began as a Gnoll Skald on Dec 15, 2019.
             Slain by Pikel
             ... wielding a +2 whip of electrocution
              (5 damage)
             ... on level 4 of the Dungeon on Dec 17, 2019.
             The game lasted 00:10:43 (2330 turns).

FishyPogo the Charmwright (Gnoll Skald)             Turns: 2330, Time: 00:10:44

Health: -2/56      AC:  3    Str: 16    XL:     7   Next: 8%
Magic:  14/24      EV: 14    Int: 15    God:
Gold:   171        SH:  0    Dex: 14    Spells: 6/17 levels left

rFire    . . .     SeeInvis +   n - +3 whip
rCold    . . .     Gourm    .   (no shield)
rNeg     . . .     Faith    .   b - +0 leather armour
rPois    .         Spirit   .   (no helmet)
rElec    .         Reflect  .   (no cloak)
rCorr    .         Harm     .   (no gloves)
MR       .....                  (no boots)
Stlth    ++........             (no amulet)
HPRegen  0.18/turn              l - ring of magical power
MPRegen  0.19/turn              w - ring of see invisible

@: about to teleport, infused (expiring), singing, very slightly contaminated
A: distributed training, fangs 1, strong nose
a: no special abilities


You were on level 4 of the Dungeon.
You were not hungry.

You visited 1 branch of the dungeon, and saw 4 of its levels.

You collected 171 gold pieces.

Inventory:

Hand Weapons
 a - a +0 falchion
 n - a +3 whip (weapon)
Missiles
 c - 153 stones (quivered)
Armour
 b - a +0 leather armour (worn)
 k - quicksilver dragon scales
Jewellery
 l - a ring of magical power (left hand)
 w - a ring of see invisible (right hand)
Wands
 p - a wand of polymorph (10)
 s - a wand of acid (11)
Scrolls
 e - a scroll of random uselessness
 i - a scroll of blinking {unknown}
 j - 7 scrolls of identify {unknown}
 m - a scroll of fear {unknown}
 o - 3 scrolls of remove curse
Potions
 f - a potion of flight {unknown}
 g - a potion of haste
 h - 2 potions of heal wounds
 t - a potion of ambrosia {unknown}
 u - a potion of magic {unknown}
 v - a potion of lignification {unknown}
 x - a potion of berserk rage {unknown}
Comestibles
 d - 8 rations
 q - 6 chunks of flesh


   Skills:
 + Level 5.1 Fighting
 + Level 2.2 Short Blades
 + Level 5.1 Long Blades
 + Level 2.2 Axes
 + Level 2.2 Maces & Flails
 + Level 2.2 Polearms
 + Level 2.2 Staves
 + Level 2.2 Slings
 + Level 2.2 Bows
 + Level 2.2 Crossbows
 + Level 2.2 Throwing
 + Level 3.4 Armour
 + Level 5.1 Dodging
 + Level 2.2 Stealth
 + Level 2.2 Shields
 + Level 2.2 Unarmed Combat
 + Level 5.5 Spellcasting
 + Level 1.8 Conjurations
 + Level 1.8 Hexes
 + Level 5.7 Charms
 + Level 1.8 Summonings
 + Level 1.8 Necromancy
 + Level 1.8 Translocations
 + Level 1.8 Transmutations
 + Level 1.8 Fire Magic
 + Level 1.8 Ice Magic
 + Level 1.8 Air Magic
 + Level 1.8 Earth Magic
 + Level 1.8 Poison Magic
 + Level 2.4 Invocations
 + Level 2.2 Evocations


You had 6 spell levels left.
You knew the following spells:

 Your Spells              Type           Power        Failure   Level  Hunger
h - Regeneration          Chrm/Necr      ###.......   12%         3    ###....
n - Spectral Weapon       Hex/Chrm       ###.....     12%         3    ###....
p - Shroud of Golubria    Chrm/Tloc      ###...       6%          2    #......
u - Song of Slaying       Chrm           ###.....     2%          2    #......
y - Infusion              Chrm           ###.         1%          1    None

Your spell library contained the following spells:

 Spells                   Type           Power        Failure   Level  Hunger


Dungeon Overview and Level Annotations

Branches:
Dungeon (4/15)
 Temple: D:4-7

Altars:
Elyvilon
Yredelemnul

Annotations:
D:4 Pikel


Innate Abilities, Weirdness & Mutations

Your experience applies equally to all skills.
You have very sharp teeth.
Your uncanny sense of smell can sniff out nearby items.


Message History

Your shroud falls apart!
You barely miss Pikel.
Pikel is lightly wounded.
Pikel hits you but does no damage.
You are electrocuted!!
* * * LOW HITPOINT WARNING * * *
There is an open door here.
Okay, then.
As you read the scroll labeled COW CUHIANU, it crumbles to dust.
You feel blessed for a moment.
It was a scroll of remove curse.
Pikel closely misses you.
As you read the scroll labeled GUUGORUAGA, it crumbles to dust.
You hear the tinkle of a tiny bell.
It was a scroll of random uselessness.
Pikel hits you with a +2 whip of electrocution!
* * * LOW HITPOINT WARNING * * *
As you read the scroll labeled TOECED OXUHELU, it crumbles to dust.
You feel strangely unstable.
It was a scroll of teleportation.
Your magical infusion is running out.
Pikel hits you with a +2 whip of electrocution.
You die...

######## ## #......# ####
.##########......######....##
............(...@Kpppp'......
...########......######....##
......# #......# ...# ##....#
######## ### #....# #....#
#############
##...........###### .###
..............)...### #...


You could see Pikel and 4 slaves.

Vanquished Creatures
  An ogre (D:3)
  Blork the orc (D:4)
  A hound (D:4)
  An orc priest (D:4)
  A worker ant (D:4)
  Robin (D:4)
  9 adders
  2 gnolls (D:1)
  3 oozes
  A worm (D:4)
  2 dart slugs
  4 leopard geckos
  5 orcs
  5 ball pythons
  A giant cockroach (D:1)
  19 goblins
  11 hobgoblins
  2 jackals (D:3)
  11 kobolds
  A quokka (D:3)
  3 bats
  8 frilled lizards
  9 rats
102 creatures vanquished.

Vanquished Creatures (others)
  A spectral weapon (D:4)
1 creature vanquished.

Grand Total: 103 creatures vanquished

Notes
Turn   | Place    | Note
-------+----------+-------------------------------------------
     0 | D:1      | FishyPogo the Gnoll Skald began the quest for the Orb.
     0 | D:1      | Reached XP level 1. HP: 20/20 MP: 6/6
   127 | D:1      | Reached XP level 2. HP: 26/26 MP: 3/7
   133 | D:1      | Learned a level 2 spell: Song of Slaying
   136 | D:1      | Learned a level 2 spell: Shroud of Golubria
   182 | D:1      | You fall into a shaft and drop 1 floor!
   300 | D:1      | Reached skill level 5 in Spellcasting
   300 | D:1      | Reached XP level 3. HP: 22/31 MP: 1/9
   406 | D:1      | Reached skill level 1 in Invocations
   602 | D:1      | Reached skill level 1 in Short Blades
   602 | D:1      | Reached skill level 1 in Axes
   602 | D:1      | Reached skill level 1 in Maces & Flails
   602 | D:1      | Reached skill level 1 in Polearms
   602 | D:1      | Reached skill level 1 in Staves
   602 | D:1      | Reached skill level 1 in Slings
   602 | D:1      | Reached skill level 1 in Bows
   602 | D:1      | Reached skill level 1 in Crossbows
   602 | D:1      | Reached skill level 1 in Throwing
   602 | D:1      | Reached skill level 1 in Stealth
   602 | D:1      | Reached skill level 1 in Shields
   602 | D:1      | Reached skill level 1 in Unarmed Combat
   602 | D:1      | Reached skill level 1 in Evocations
   609 | D:1      | Learned a level 3 spell: Regeneration
   613 | D:1      | Learned a level 3 spell: Spectral Weapon
  1000 | D:2      | Reached XP level 4. HP: 35/38 MP: 11/11
  1103 | D:2      | Found a basalt altar of Yredelemnul.
  1116 | D:2      | Reached skill level 1 in Conjurations
  1116 | D:2      | Reached skill level 1 in Hexes
  1116 | D:2      | Reached skill level 1 in Summonings
  1116 | D:2      | Reached skill level 1 in Necromancy
  1116 | D:2      | Reached skill level 1 in Translocations
  1116 | D:2      | Reached skill level 1 in Transmutations
  1116 | D:2      | Reached skill level 1 in Fire Magic
  1116 | D:2      | Reached skill level 1 in Ice Magic
  1116 | D:2      | Reached skill level 1 in Air Magic
  1116 | D:2      | Reached skill level 1 in Earth Magic
  1116 | D:2      | Reached skill level 1 in Poison Magic
  1393 | D:3      | Reached XP level 5. HP: 31/43 MP: 12/12
  1431 | D:3      | Noticed an ogre
  1452 | D:3      | Killed an ogre
  1459 | D:3      | Upgraded the game from 0.24.0-41-g2ae2f7f1be to
                  | 0.24.0-123-gd5b16e6ec5
  1522 | D:3      | Reached XP level 6. HP: 50/50 MP: 13/13
  1719 | D:3      | Found a white marble altar of Elyvilon.
  1949 | D:4      | Noticed Blork the orc
  1971 | D:4      | Killed Blork the orc
  1971 | D:4      | Reached skill level 5 in Fighting
  1971 | D:4      | Reached skill level 5 in Long Blades
  1971 | D:4      | Reached skill level 5 in Dodging
  2070 | D:4      | Noticed Robin
  2091 | D:4      | Killed Robin
  2188 | D:4      | Reached XP level 7. HP: 46/56 MP: 15/15
  2310 | D:4      | Noticed Pikel
  2330 | D:4      | Slain by Pikel

Levels and vault maps discovered:
D:1:      kennysheep_arrival_forest, layout_loops_ring, serial_bayou_crossing
D:2:      layout_rooms, lemuel_round_altar, first_ration, minmay_circle_x
D:3:      layout_rooms, elyvilon_altar_4, minmay_box_of_dots
D:4:      kennysheep_spiral_hall, layout_basic, nicolae_ru_path_of_blood,
          uniq_menkaure, uniq_robin, uniq_blork_the_orc, uniq_pikel

Skill      XL: |  1  2  3  4  5  6 |
---------------+-------------------+-----
Spellcasting   | 5 |  5.5
Invocations    | 1 2 |  2.4
Short Blades   | 1 2 |  2.2
Axes           | 1 2 |  2.2
Maces & Flails | 1 2 |  2.2
Polearms       | 1 2 |  2.2
Staves         | 1 2 |  2.2
Slings         | 1 2 |  2.2
Bows           | 1 2 |  2.2
Crossbows      | 1 2 |  2.2
Throwing       | 1 2 |  2.2
Stealth        | 1 2 |  2.2
Shields        | 1 2 |  2.2
Unarmed Combat | 1 2 |  2.2
Evocations     | 1 2 |  2.2
Conjurations   | 1 |  1.8
Hexes          | 1 |  1.8
Summonings     | 1 |  1.8
Necromancy     | 1 |  1.8
Translocations | 1 |  1.8
Transmutations | 1 |  1.8
Fire Magic     | 1 |  1.8
Ice Magic      | 1 |  1.8
Air Magic      | 1 |  1.8
Earth Magic    | 1 |  1.8
Poison Magic   | 1 |  1.8
Armour         | 3 |  3.4
Fighting       | 5 |  5.1
Long Blades    | 5 |  5.1
Dodging        | 5 |  5.1
Charms         | |  5.7

Action                   |  1- 3 |  4- 6 |  7- 9 || total
-------------------------+-------+-------+-------++-------
Melee: Falchion          |    62 |       |       ||    62
       Bite              |     9 |    10 |     1 ||    20
       Whip              |    12 |   138 |    18 ||   168
       Punch             |     1 |     1 |       ||     2
 Cast: Infusion          |     6 |     2 |     1 ||     9
       Song of Slaying   |     3 |     3 |     1 ||     7
       Shroud of Golubri |     1 |     5 |     2 ||     8
       Spectral Weapon   |     4 |    15 |     1 ||    20
       Regeneration      |       |     8 |     1 ||     9
  Use: Potion            |       |     3 |       ||     3
       Scroll            |       |       |     3 ||     3
 Stab: Distracted        |       |     1 |       ||     1
       Sleeping          |       |     2 |       ||     2
  Eat: Chunk             |     1 |     6 |     1 ||     8
Armor: Leather armour    |     7 |    21 |     2 ||    30
Dodge: Dodged            |    65 |    98 |     5 ||   168
       Rpst.: Falchion   |    12 |       |       ||    12
